 Dungeon Crawl Stone Soup version 0.17.1-2-g5865329 (webtiles) character file.

296 romis the Slasher (level 6, -6/48 HPs)
             Began as a Human Berserker on Jan 26, 2016.
             Was a Priest of Trog.
             Mangled by Ijyb
             ... wielding a +0 dagger of electrocution
              (11 damage)
             ... on level 3 of the Dungeon.
             The game lasted 00:45:04 (6342 turns).

romis the Slasher (Human Berserker)                 Turns: 6342, Time: 00:45:04

Health: -6/48      AC:  9    Str: 18    XL:     6   Next: 61%
Magic:  15/15      EV:  8    Int:  7    God:    Trog [***...]
Gold:   175        SH:  0    Dex: 14    Spells: 0 memorised, 5 levels left

rFire  . . .     SeeInvis .     a - +0 falchion
rCold  . . .     Clarity  .     R - +0 chain mail
rNeg   . . .     SustAt   .     (no shield)
rPois  .         Gourm    .     (no helmet)
rElec  .         Spirit   .     (no cloak)
rCorr  .         Warding  .     (no gloves)
rMut   .         Stasis   .     (no boots)
MR     .....                    (no amulet)
Stlth  ..........               (no ring)
                                r - ring of magical power

@: lethally poisoned (-6 -> -7), starving, not resistant to hostile
enchantments, extremely unstealthy
A: no striking features
a: Berserk, Trog's Hand, Burn Spellbooks, Renounce Religion


You were on level 3 of the Dungeon.
You worshipped Trog.
Trog was most pleased with you.
You were starving.

You visited 1 branch of the dungeon, and saw 6 of its levels.

You collected 175 gold pieces.

Inventory:

Hand Weapons
 a - a +0 falchion (weapon)
 d - a +0 dagger
 k - a +0 dagger
 l - a +0 dagger
 n - a +0 club
 v - a +0 hand axe
 x - a +0 falchion
 A - a +0 flail
 B - a +0 mace
 O - a +0 long sword
 Q - a +0 flail
 U - a +1 spear of piercing
 W - a +0 club
Missiles
 e - 164 stones (quivered)
 o - 32 sling bullets
 z - 7 steel sling bullets
 E - 4 tomahawks
 G - 10 poisoned needles
 H - 61 arrows
 N - 23 bolts
Armour
 b - a +0 animal skin
 f - a +0 ring mail
 m - a +0 scale mail
 p - a +0 scale mail
 s - a +0 leather armour
 y - a +0 ring mail
 C - a +0 ring mail
 F - a +0 leather armour
 R - a +0 chain mail (worn)
Magical Staves
 I - an uncursed staff of fire {unknown}
Jewellery
 r - a ring of magical power (left hand)
 u - a cursed -2 ring of intelligence
 T - an uncursed ring of sustain attributes {unknown}
Wands
 K - a wand of magic darts (27)
 L - a wand of draining (10)
Scrolls
 g - a scroll of blinking
 t - 2 scrolls of teleportation
 w - 2 scrolls of remove curse
 S - a scroll of magic mapping {unknown}
 X - a scroll of fog
Potions
 h - 2 potions of agility {unknown}
 D - a potion of brilliance {unknown}
 J - a potion of heal wounds {unknown}
 M - a potion of resistance {unknown}
 V - a potion of curing {unknown}
Comestibles
 c - 2 bread rations
 i - 6 fruits
 j - 3 meat rations
 q - a slice of pizza
 P - a beef jerky


   Skills:
 + Level 4.1 Fighting
 + Level 4.2 Long Blades
 + Level 3.5 Armour
 + Level 3.6 Dodging
 + Level 1.0 Stealth


You had 5 spell levels left.
You didn't know any spells.

Dungeon Overview and Level Annotations

Branches:
Dungeon (6/15)             Temple (0/1) D:5

Altars:
Ashenzari
Elyvilon
Fedhas
Makhleb
Nemelex Xobeh
Okawaru
Qazlal
Sif Muna
Xom
The Shining One

Annotations:
D:3 Ijyb; Jobasha's ghost, amateur OgBe


Message History

Your chain mail prevents you from hitting Ijyb.
Ijyb is lightly wounded.
You feel sick. Ijyb barely misses you.
You hit Ijyb.
Ijyb is lightly wounded.
Ijyb barely misses you.
You hit Ijyb but do no damage.
Ijyb is lightly wounded.
Ijyb hits you but does no damage.
You are electrocuted!
* * * LOW HITPOINT WARNING * * *
You closely miss Ijyb.
Ijyb is lightly wounded.
You feel sick. Ijyb hits you but does no damage.
Ijyb hits you but does no damage.
There is an open door here.
You feel sick.
Ijyb hits you with a dagger of electrocution.
* * * LOW HITPOINT WARNING * * *
You are electrocuted!
You die...

#..............#####......
#..........#..## #......
#..........#..# ####...
#..........#..# #...
#..........#### #...
#.............# #...
#...........#.# #...
#..........<#.# #...
#######.#@###.# . #...
#........g....# ... #...
#........g#####8.... #.#.
#.........g.ggg..... #.#.
#.........####g..... ..#.
#.........#### ###.. .....
#............# ......
#................
#................


You could see Ijyb and 2 goblins.

Vanquished Creatures
  A hound (D:2)
  2 worker ants
  An orc priest (D:3)
  4 gnolls
  3 adders
  2 oozes
  2 worms (D:2)
  5 giant geckos
  14 orcs
  2 ball pythons
  7 bats
  5 giant cockroaches
  9 hobgoblins
  8 jackals
  4 giant newts
  4 goblins
  4 kobolds
  A quokka (D:2)
  12 rats
  3 bushes (D:4)
  3 fungi (D:4)
  5 plants (D:4)
101 creatures vanquished.

Notes
Turn   | Place    | Note
--------------------------------------------------------------
     0 | D:1      | romis the Human Berserker began the quest for the Orb.
     0 | D:1      | Reached XP level 1. HP: 18/18 MP: 1/1
   435 | D:2      | Reached XP level 2. HP: 17/24 MP: 2/2
   876 | D:1      | Reached XP level 3. HP: 20/29 MP: 3/3
  1596 | D:2      | Reached ** piety under Trog
  1874 | D:2      | Reached XP level 4. HP: 23/36 MP: 4/4
  2116 | D:2      | Found a shimmering altar of Xom.
  2116 | D:2      | Found an iron altar of Okawaru.
  2269 | D:3      | Reached skill level 1 in Stealth
  2351 | D:3      | Noticed Jobasha's ghost (amateur OgBe)
  2676 | D:2      | Noticed a hound
  2688 | D:2      | Killed a hound
  2688 | D:2      | Reached XP level 5. HP: 32/42 MP: 5/5
  2782 | D:3      | Reached skill level 4 in Fighting
  2952 | D:5      | Entered Level 5 of the Dungeon
  2994 | D:5      | Found a staircase to the Ecumenical Temple.
  3151 | D:4      | Reached XP level 6. HP: 22/48 MP: 6/6
  3973 | D:2      | Found a burning altar of Makhleb.
  4327 | D:4      | You fall through a shaft for 2 floors!
  4564 | D:4      | Reached *** piety under Trog
  4596 | D:4      | Found a blossoming altar of Fedhas.
  4603 | D:4      | Found a stormy altar of Qazlal.
  6110 | D:4      | Found a sparkling altar of Nemelex Xobeh.
  6110 | D:4      | Found a deep blue altar of Sif Muna.
  6112 | D:4      | Found a shattered altar of Ashenzari.
  6154 | D:4      | Found a glowing golden altar of the Shining One.
  6170 | D:4      | Found a white marble altar of Elyvilon.
  6314 | D:3      | Noticed Ijyb
  6342 | D:3      | Mangled by Ijyb

Action                   |  1- 3 |  4- 6 || total
-------------------------+-------+-------++-------
Melee: Falchion          |   136 |   811 ||   947
Throw: Stone             |     2 |       ||     2
  Use: Scroll            |     4 |     5 ||     9
       Potion            |       |     1 ||     1
 Stab: Sleeping          |     1 |       ||     1
  Eat: Bread ration      |     1 |     1 ||     2
       Beef jerky        |     1 |       ||     1
       Meat ration       |       |     1 ||     1
       Pizza             |       |     1 ||     1
